 Dungeon Crawl Stone Soup version 0.27.1 (webtiles) character file.

Game seed: 8017989167677668311

2790 Gwenloh the Blocker (level 9, 0/82 HPs)
             Began as a Deep Dwarf Fighter on Aug 30, 2021.
             Was a Believer of Uskayaw.
             Killed from afar by an electric eel (2 damage)
             ... with a bolt of electricity
             ... on level 6 of the Dungeon.
             The game lasted 00:27:00 (5243 turns).

Gwenloh the Blocker (Deep Dwarf Fighter)            Turns: 5243, Time: 00:27:02

Health: 0/82       AC: 10    Str: 25    XL:     9   Next: 43%
Magic:  7/7        EV:  8    Int: 18    God:    Uskayaw [**....]
Gold:   245        SH: 17    Dex: 15    Spells: 8/8 levels left

rFire    . . .     SeeInvis .   a - +4 war axe
rCold    . . .     Faith    .   c - +0 kite shield
rNeg     + . .     Spirit   .   v - +0 scale mail
rPois    +         Reflect  +   d - +1 helmet {Int+3}
rElec    .         Harm     .   l - +0 cloak
rCorr    +         Rampage  .   (no gloves)
Will     +....                  (no boots)
Stlth    ..........             u - amulet of Mistrust {Reflect +Blink rPois rN+ Str+5 SH+5}
HPRegen  0.00/turn              p - ring of resist corrosion
MPRegen  0.10/turn              A - +6 ring of intelligence

@: no status effects
A: damage resistance, heal wounds, sense surroundings 2, no regeneration
a: Heal Wounds, Renounce Religion, Evoke Blink, Stomp, Line Pass


You were on level 6 of the Dungeon.
You worshipped Uskayaw.
Uskayaw was noncommittal.
You visited 2 branches of the dungeon, and saw 7 of its levels.

You collected 245 gold pieces.

Inventory:

Hand Weapons
 a - a +4 war axe (weapon)
 b - a +2 vorpal hunting sling
Missiles
 e - 125 stones (quivered)
 j - 31 sling bullets
 m - 16 poisoned darts
 t - 48 bolts
Armour
 c - a +0 kite shield (worn)
 d - a +1 helmet of intelligence (worn)
 l - a +0 cloak (worn)
 q - a +0 chain mail
 v - a +0 scale mail (worn)
Jewellery
 p - a ring of resist corrosion (left hand)
 u - the amulet of Mistrust (around neck) {Reflect +Blink rPois rN+ Str+5 SH+5}
   (You found it on level 5 of the Dungeon)

   [amulet of reflection]

   It reflects blocked missile attacks.
   Str:       It affects your strength (+5).
   rPois:     It protects you from poison.
   rN:        It protects you from negative energy.
   +Blink:    It lets you blink.
   SH:        It affects your SH (+5).
 A - a +6 ring of intelligence (right hand)
Wands
 x - a wand of iceblast (9)
Scrolls
 g - a scroll of blinking
 i - a scroll of amnesia
 k - a scroll of teleportation
 y - a scroll of magic mapping {unknown}
Potions
 f - 2 potions of attraction
 h - a potion of might
 n - a potion of cancellation
 o - a potion of ambrosia {unknown}
 r - 2 potions of mutation {unknown}
 s - 2 potions of lignification
 z - 2 potions of resistance {unknown}


   Skills:
 + Level 5.8 Fighting
 * Level 9.2 Axes
 - Level 3.2 Armour
 * Level 9.5 Shields
 * Level 2.0 Invocations


You had 8 spell levels left.
You didn't know any spells.
Your spell library contained the following spells:

 Spells                   Type           Power      Damage    Failure   Level
 Sublimation of Blood     Necr           0%         N/A       83%         2
 Wereblood                Tmut           0%         N/A       83%         2
 Summon Hydra             Summ           0%         N/A       100%        7


Dungeon Overview and Level Annotations

Branches:
Dungeon (6/15)             Temple (1/1) D:6

Altars:
Ashenzari
Cheibriados
Dithmenos
Elyvilon
Fedhas
Gozag
Hepliaklqana
Kikubaaqudgha
Makhleb
Nemelex Xobeh
Okawaru
Qazlal
Ru
Sif Muna
Trog
Uskayaw
Vehumet
Wu Jian
Xom
Yredelemnul
Zin
The Shining One

Shops:
D:5 (


Innate Abilities, Weirdness & Mutations

You are resistant to damage.
You can heal yourself by infusing magical energy.
You passively map the area around you.
You do not regenerate.


Message History

The ogre is severely wounded.
The ogre hits you with a +0 giant club!
You hit the ogre.
The ogre is almost dead.
The ogre barely misses you.
You barely miss the ogre.
The ogre is almost dead.
You block the ogre's attack.
You slash the ogre!
You kill the ogre!
Your Invocations skill increases to level 2!
No target in view!
b - a +2 vorpal hunting sling (weapon)
The electric eel shoots out a bolt of lightning at you!
The bolt of electricity hits you! x2
There is an open door here.
Things that are here:
a +0 giant club; an ogre corpse An electric eel comes into view.
The electric eel shoots out a bolt of lightning at you!
The bolt of electricity hits you!
The electric eel shoots out a bolt of lightning at you!
The bolt of electricity hits you.
* * * LOW HITPOINT WARNING * * *
There is an open door here.
a - a +4 war axe (weapon)
The electric eel shoots out a bolt of lightning at you!
The bolt of electricity hits you.
* * * LOW HITPOINT WARNING * * *
The electric eel shoots out a bolt of lightning at you!
The bolt of electricity hits you.
* * * LOW HITPOINT WARNING * * *
The electric eel shoots out a bolt of lightning at you!
The bolt of electricity hits you!
* * * LOW HITPOINT WARNING * * *
The electric eel shoots out a bolt of lightning at you!
The bolt of electricity hits you!
* * * LOW HITPOINT WARNING * * *
The bolt of electricity hits you!
You die...

#.8# ≈ **,
#.)#.≈≈.#
* *
#.##.≈≈.#
* , #.#
.≈≈.# *
#.##.≈≈.#
* * ,
#.8#.≈≈.#
* ,,
#..#.;≈.#
** ,
#)##.≈≈.#
** ,
#.@'.;≈.#
*
#..#.≈≈.#
* ,
#..#.≈≈.#
,
#..#.≈≈.#
* ,
#..#.≈≈.#
* *
#..#.≈≈.#
, #...
#..#.≈≈.#,
* .#..
#..##≈≈##
* # ...
##########
#....


You could see 2 electric eels.

Vanquished Creatures
  Grinder (D:3)
  Menkaure (D:6)
  A sky beast (D:4)
  A black bear (D:4)
  An ice beast (D:5)
  5 ogres
  A centaur (D:6)
  A phantom (D:3)
  Blork the orc (D:4)
  A gnoll sergeant (D:3)
  4 scorpions (D:6)
  2 water moccasin zombies
  4 wights
  A centaur zombie (D:6)
  6 hounds
  A bullfrog zombie (D:6)
  A centaur skeleton (D:5)
  A jelly (D:5)
  A bullfrog skeleton (D:4)
  A gnoll shaman (D:4)
  Ijyb (D:4)
  Natasha (thrice) (D:3)
  4 iguanas
  2 orc wizards (D:6)
  2 killer bee zombies
  A hound skeleton (D:5)
  11 gnolls
  7 adders
  A white imp (D:6)
  2 dart slugs
  8 orcs
  4 bats
  12 endoplasms
  15 giant cockroaches
  3 goblins
  7 hobgoblins
  5 jackals
  5 quokkas
  13 ball pythons
  12 frilled lizards
  7 kobolds
  6 rats
167 creatures vanquished.

Notes
Turn   | Place    | Note
-------+----------+-------------------------------------------
     0 | D:1      | Gwenloh the Deep Dwarf Fighter began the quest for the Orb.
     0 | D:1      | Reached XP level 1. HP: 20/20 MP: 1/1
     1 | D:1      | Found a runed translucent door.
   157 | D:1      | Reached XP level 2. HP: 24/27 MP: 2/2
   502 | D:1      | Reached XP level 3. HP: 18/33 MP: 0/3
   528 | D:1      | Found a faded altar of an unknown god.
  1000 | D:2      | Reached XP level 4. HP: 23/42 MP: 3/3
  1968 | D:3      | Noticed Natasha
  1986 | D:3      | Killed Natasha
  1987 | D:3      | Reached XP level 5. HP: 33/49 MP: 4/4
  1997 | D:3      | Noticed Natasha
  2010 | D:3      | Killed Natasha
  2030 | D:3      | Noticed Grinder
  2034 | D:3      | Paralysed by Grinder for 4 turns
  2056 | D:3      | Killed Grinder
  2057 | D:3      | Reached skill level 5 in Axes
  2057 | D:3      | Reached skill level 5 in Shields
  2057 | D:3      | Reached XP level 6. HP: 41/57 MP: 5/5
  2203 | D:3      | Noticed Natasha
  2221 | D:3      | Killed Natasha
  2418 | D:4      | Reached XP level 7. HP: 41/64 MP: 6/6
  2519 | D:4      | Noticed Ijyb
  2534 | D:4      | Killed Ijyb
  2774 | D:4      | Found a sparkling altar of Nemelex Xobeh.
  3070 | D:3      | Reached XP level 8. HP: 56/73 MP: 5/5
  3551 | D:4      | 4
  3552 | D:5      | Entered Level 5 of the Dungeon
  3599 | D:5      | Identified the amulet of Mistrust {Reflect +Blink rPois rN+
                  | Str+5 SH+5}
  3692 | D:5      | Noticed Blork the orc
  3708 | D:4      | Killed Blork the orc
  3725 | D:4      | Reached skill level 5 in Fighting
  3757 | D:5      | Found Fubuyfa's Weapon Shop.
  4253 | D:6      | Gained mutation: You passively map the area around you.
                  | [Deep Dwarf growth]
  4253 | D:6      | Reached XP level 9. HP: 47/80 MP: 6/6
  4390 | D:6      | Found a staircase to the Ecumenical Temple.
  4408 | Temple   | Entered the Ecumenical Temple
  4615 | Temple   | Became a worshipper of Uskayaw the Reveller
  4667 | D:6      | Reached * piety under Uskayaw
  4707 | D:6      | Reached ** piety under Uskayaw
  4730 | D:6      | Noticed Menkaure
  4744 | D:6      | Killed Menkaure
  5084 | D:6      | Reached skill level 1 in Invocations
  5243 | D:6      | HP: 2/82 [electric eel/bolt of electricity (8)]
  5243 | D:6      | Killed from afar by an electric eel

Illustrated notes

####.# #.# )###.# #.# ...#.# #.##
♣ .#.#.############ #..#♣#
................# #..'.#
.....#######.##.##### #..'..
[#(#.# #....>....# #)##♣# .#.#.#
###..##.###.########.## )#.#.#
#.......@......##.....#
.#.#.####.....#.###.##.##.##.##
.#.#.##.........# #.##.##.##.#
.#.#.##.......### #.##.##.##.#
.#............# #.##..<.[..#
.###..#.#.....#####.##.....>.# #
....................##.......####
#####.#.#....##########.....#....
#.#.##.#)# ###......#.###


Turn 3551 on D:4: 4

Levels and vault maps discovered:
D:1:      dpeg_arrival_caged_fury, layout_loops_ring,
          hellmonk_ecumenical_altar_arch_garden
D:2:      layout_loops_ring, minmay_lizard_pond
D:3:      layout_basic, hangedman_decor_points, solitary_fountain, uniq_natasha,
          uniq_grinder
D:4:      layout_loops_ring, nemelex_xobeh_ov_fountains_minmay,
          kennysheep_generic_room_12, uniq_ijyb
D:5:      layout_rooms, serial_shops, shop_statue, uniq_blork_the_orc
D:6:      wad_river_or_something, layout_loops_ring,
          minmay_temple_entry_slanted, minmay_misc_feat_chi,
          roderic_roman_lattice, uniq_menkaure
Temple:   minmay_crystal_snake_temple

Skill      XL: |  1  2  3  4  5  6  7  8  9 |
---------------+----------------------------+-----
Axes           | 3 4 5 6 8 9 |  9.2
Fighting       | 3 4 5 |  5.8
Shields        | 4 5 6 7 8 9 |  9.5
Invocations    | 2 |  2.0
Armour         | |  3.2

Action                   |  1- 3 |  4- 6 |  7- 9 || total
-------------------------+-------+-------+-------++-------
Melee: War axe           |   117 |   152 |   307 ||   576
 Fire: Hunting sling     |       |       |    65 ||    65
Throw: Stone             |    57 |    65 |    58 ||   180
       Dart              |     4 |     2 |       ||     6
Invok: Stomp             |       |       |     6 ||     6
 Abil: Heal Wounds       |     1 |     5 |    10 ||    16
  Use: Scroll            |       |     3 |     3 ||     6
       Potion            |       |     1 |       ||     1
Armor: Scale mail        |    30 |    57 |    74 ||   161
Dodge: Dodged            |    30 |    36 |    61 ||   127
Block: Kite shield       |    76 |   131 |   307 ||   514
       Reflection        |       |       |     2 ||     2
